 Dungeon Crawl Stone Soup version 0.22.1-1-ga44c0e56f4 (webtiles) character file.

3168 Ihlosi the Fighter (level 9, -9/106 HPs)
             Began as an Ogre Fighter on Nov 1, 2018.
             Mangled by an orc warrior
             ... wielding a +0 battleaxe
              (13 damage)
             ... on level 6 of the Dungeon.
             The game lasted 00:24:23 (8298 turns).

Ihlosi the Fighter (Ogre Fighter)                   Turns: 8298, Time: 00:24:23

Health: -9/106     AC: 12    Str: 22    XL:     9   Next: 94%
Magic:  9/9        EV: 10    Int: 14    God:
Gold:   223        SH:  9    Dex: 11    Spells: 8/8 levels left

rFire    . . .     SeeInvis .   a - +2 flail (protect)
rCold    + . .     Gourm    .   c - +0 shield
rNeg     + . .     Faith    +   l - +0 robe {rN+}
rPois    .         Spirit   .   (helmet restricted)
rElec    .         Reflect  .   i - +1 cloak {+Inv}
rCorr    .         Harm     .   (gloves unavailable)
MR       .....                  (boots unavailable)
Stlth    +.........             u - amulet of faith
HPRegen  0.27/turn              m - ring of protection from cold
MPRegen  0.11/turn              (no ring)

@: brilliant, about to teleport, protection aura
A: large, unfitting armour, tough skin 1
a: Evoke Invisibility


You were on level 6 of the Dungeon.
You were not hungry.

You visited 1 branch of the dungeon, and saw 7 of its levels.
You also visited: Ossuary.

You collected 288 gold pieces.
You spent 65 gold pieces at shops.

Inventory:

Hand Weapons
 a - a +2 flail of protection (weapon)
 n - a +0 flail
 w - a +0 falchion of slicing
Missiles
 z - 6 poisoned javelins (quivered)
Armour
 b - a +0 robe
 c - a +0 shield (worn)
 i - a +1 cloak of invisibility (worn)
 l - a +0 robe of positive energy (worn)
Jewellery
 m - a ring of protection from cold (left hand)
 u - an amulet of faith (around neck)
Wands
 d - a wand of digging (8)
 o - a wand of flame (26)
Scrolls
 e - 5 scrolls of enchant weapon {unknown}
 g - 3 scrolls of remove curse {unknown}
 j - 4 scrolls of teleportation
 k - 8 scrolls of identify {unknown}
 q - 2 scrolls of blinking {unknown}
 t - a scroll of noise {unknown}
 v - a scroll of fog {unknown}
 y - a scroll of fear {unknown}
Potions
 h - 3 potions of flight
 p - 3 potions of curing
 s - a potion of haste
 x - a potion of brilliance
Comestibles
 f - 4 rations
 r - a chunk of flesh


   Skills:
 + Level 12.0 Fighting
 + Level 8.3 Maces & Flails
 + Level 5.1 Dodging
 - Level 3.0 Shields
 * Level 0.4 Evocations


You had 8 spell levels left.
You didn't know any spells.
Your spell library contained the following spells:

 Spells                   Type           Power        Failure   Level  Hunger
 Corona                   Hex            #......      12%         1    ##.....
 Slow                     Hex            #.......     16%         2    ###....
 Inner Flame              Hex/Fire       #.......     30%         3    ####...
 Portal Projectile        Hex/Tloc       #.....       30%         3    ####...
 Cause Fear               Hex            #.........   63%         4    #####..
 Leda's Liquefaction      Hex/Erth       #.........   63%         4    #####..


Dungeon Overview and Level Annotations

Branches:
Dungeon (7/15)             Temple (0/1) D:6

Altars:
Ashenzari
Qazlal
Trog

Shops:
D:4 !:   D:7 =

Annotations:
D:3 2 transporters, Gunterle's ghost, amateur SpEE


Innate Abilities, Weirdness & Mutations

You are too large for most types of armour.
You have tough skin. (AC +1)


Message History

The sky beast barely misses you. The sky beast closely misses you.
You hit the sky beast.
Your weapon exudes an aura of protection.
You kill the sky beast!
Evoke which item? (* to show all) (? for menu, Esc to quit)
Aiming: Throw Flame
Press: ? - help, Shift-Dir - straight line, f - orc wizard
Aim: an orc wizard, wielding a dagger and wearing a robe The puff of flame hits the orc warrior.
The orc warrior is heavily wounded.
The orc wizard gestures wildly while chanting.
The orc wizard flickers and vanishes!
Deactivating autopickup; reactivate with Ctrl-A.
The orc priest calls down the wrath of Beogh upon you.
Beogh smites you!
* * * LOW HITPOINT WARNING * * *
As you read the scroll labeled OGACOE NUSOV, it crumbles to dust.
You feel strangely unstable.
It was a scroll of teleportation.
The orc warrior hits you with a battleaxe!
You die...

.# .# ##.### #.... ...#
#..### .....# ##.##########
...#.##.........@o{o########
...#.......##.#####oo......#
..(......# #.o#####.
...#####.# #..# .### .#.#
..o.. ..# ##.#.# ###..## ..#
..... ..o. ..# #... .####oo
..# #..# .. ...o


You could see an orc warrior, an orc priest, an orc wizard and an orc.

Vanquished Creatures
  Grinder (D:5)
  Sigmund (D:5)
  Edmund (D:5)
  A water moccasin (D:5)
  4 sky beasts
  3 ogres
  A phantom (D:4)
  A centaur (D:5)
  2 bullfrogs
  12 scorpions
  A howler monkey (D:6)
  3 centaur zombies (Ossuary)
  2 bullfrog zombies (D:5)
  4 hounds
  Crazy Yiuf (D:3)
  A gnoll shaman (D:4)
  2 orc wizards (D:6)
  A bullfrog skeleton (D:6)
  4 iguanas
  Ijyb (D:3)
  Terence (D:3)
  Natasha (thrice) (D:2)
  3 worker ants
  4 mummies
  7 gnolls
  4 adders
  9 scorpion zombies (Ossuary)
  A shadow imp (D:7)
  An adder zombie (D:5)
  3 dart slugs
  11 orcs
  A ball python (D:3)
  5 giant cockroaches
  A gnoll zombie (Ossuary)
  15 hobgoblins
  2 jackals (D:6)
  10 kobolds
  A quokka (D:5)
  3 bats
  5 frilled lizards
  7 goblins
  2 goblin zombies (Ossuary)
  3 hobgoblin zombies (Ossuary)
  2 kobold zombies (Ossuary)
  A leopard gecko zombie (D:7)
  An orc zombie (Ossuary)
  10 rats
163 creatures vanquished.

Vanquished Creatures (others)
  A scorpion (Ossuary)
  A scorpion zombie (Ossuary)
2 creatures vanquished.

Grand Total: 165 creatures vanquished

Notes
Turn   | Place    | Note
-------+----------+-------------------------------------------
     0 | D:1      | Ihlosi the Ogre Fighter began the quest for the Orb.
     0 | D:1      | Reached XP level 1. HP: 24/24 MP: 1/1
   158 | D:1      | Reached XP level 2. HP: 33/33 MP: 2/2
   882 | D:2      | Reached XP level 3. HP: 28/40 MP: 3/3
  1075 | D:2      | Found a shattered altar of Ashenzari.
  1376 | D:2      | Noticed Natasha
  1385 | D:2      | Killed Natasha
  1385 | D:2      | Reached skill level 5 in Fighting
  1385 | D:2      | Reached XP level 4. HP: 30/50 MP: 4/4
  1406 | D:2      | Found a bloodstained altar of Trog.
  1744 | D:2      | Noticed Natasha
  1751 | D:2      | Killed Natasha
  1779 | D:2      | Noticed Natasha
  1793 | D:2      | Killed Natasha
  1793 | D:2      | Reached XP level 5. HP: 16/58 MP: 5/5
  2192 | D:3      | Found a transporter.
  2192 | D:3      | Found a transporter.
  2192 | D:3      | Noticed Gunterle's ghost (amateur SpEE)
  2200 | D:3      | Reached skill level 6 in Fighting
  2402 | D:3      | Noticed Terence
  2410 | D:3      | Killed Terence
  2485 | D:3      | Noticed Ijyb
  2503 | D:3      | Killed Ijyb
  2556 | D:3      | Found a runed door.
  2735 | D:3      | Reached skill level 7 in Fighting
  2797 | D:3      | Noticed a fire elemental
  2799 | D:3      | Found a stormy altar of Qazlal.
  2802 | D:3      | Noticed a water elemental
  2802 | D:3      | Noticed an air elemental
  2953 | D:3      | Noticed Crazy Yiuf
  2958 | D:3      | Killed Crazy Yiuf
  2958 | D:3      | Reached XP level 6. HP: 67/71 MP: 6/6
  3238 | D:4      | Reached skill level 8 in Fighting
  3351 | D:4      | Found Weutseot's Book Boutique.
  3353 | D:4      | Found Kusac's Distillery.
  3394 | D:4      | Bought a potion of heal wounds for 65 gold pieces
  3472 | D:4      | Found a sand-covered staircase.
  3481 | Ossuary  | Entered an ossuary
  3528 | Ossuary  | Reached skill level 9 in Fighting
  3528 | Ossuary  | Reached XP level 7. HP: 43/83 MP: 7/7
  4034 | Ossuary  | Reached skill level 10 in Fighting
  4542 | Ossuary  | Reached XP level 8. HP: 40/94 MP: 8/8
  5126 | Ossuary  | Reached skill level 5 in Maces & Flails
  5669 | D:4      | Reached skill level 11 in Fighting
  5941 | D:5      | Entered Level 5 of the Dungeon
  6594 | D:5      | Reached XP level 9. HP: 96/105 MP: 9/9
  6726 | D:5      | Noticed Sigmund
  7136 | D:5      | Noticed Grinder
  7140 | D:5      | Paralysed by Grinder for 4 turns
  7157 | D:5      | Killed Grinder
  7277 | D:5      | Killed Sigmund
  7363 | D:5      | Noticed Edmund
  7372 | D:5      | Killed Edmund
  7873 | D:6      | Found a staircase to the Ecumenical Temple.
  8012 | D:6      | You fall through a shaft!
  8012 | D:7      | Found Saenlegu's Jewellery Boutique.
  8128 | D:7      | Reached skill level 5 in Dodging
  8151 | D:7      | Reached skill level 12 in Fighting
  8297 | D:6      | HP: 3/106 [orc priest/divine providence (12)]
  8298 | D:6      | Mangled by an orc warrior

Skill      XL: |  1  2  3  4  5  6  7  8  9 |
---------------+----------------------------+-----
Maces & Flails | 2 3 6 8 |  8.3
Dodging        | 3 5 |  5.1
Shields        | 3 |  3.0
Fighting       | 5 7 9 10 11 12 | 12.0
Evocations     | |  0.4

Action                   |  1- 3 |  4- 6 |  7- 9 || total
-------------------------+-------+-------+-------++-------
Melee: Flail             |   135 |   216 |   513 ||   864
Evoke: Wand              |       |       |     3 ||     3
  Use: Potion            |       |     6 |    12 ||    18
       Scroll            |       |       |     1 ||     1
 Stab: Sleeping          |       |     1 |       ||     1
       Invisible         |       |       |     5 ||     5
  Eat: Chunk             |     1 |     8 |     9 ||    18
       Ration            |       |       |     2 ||     2
Armor: Robe              |    36 |    55 |   119 ||   210
       Skin              |       |     2 |    23 ||    25
Dodge: Dodged            |    50 |    71 |   157 ||   278
Block: Shield            |    67 |   100 |   227 ||   394
